Map: Ley Lines

Players

quizz

  • Race: Terran Terran
  • League: Gold
  • Spawn Location: 1:00

ManlyManMeat - Winner!

  • Race: Protoss Protoss
  • Spawn Location: 7:00

VOD

Have the link to the VOD?

Description

Time

  • Played on: May 14, 2025, 6:50 a.m.
  • Length: 134:05
Show
View Real Time Build Order
Export as new Build Order

quizz Terran 

Build Orders:  

Get SALT Encoding   

Show
View Real Time Build Order
Export as new Build Order

ManlyManMeat Protoss - Winner!

Build Orders:  

Get SALT Encoding   

  12  0:15  Pylon  
  12  1:04  Probe  
  12  1:10  Gateway  
  12  1:15  Forge  
  12  1:16  Probe  
  12  1:29  Probe  
  12  1:38  Assimilator  
  12  1:40  Assimilator  
  12  1:41  Probe  
  12  1:53  Probe  
  12  2:05  Probe  
  12  2:34  Probe  
  12  2:42  Probe  
  12  2:43  Nexus  
  12  2:46  Photon Cannon  
  12  2:49  Cybernetics Core  
  12  2:54  Assimilator  
  12  3:57  Probe  
  12  3:59  Probe  
  12  4:05  Probe  
  12  4:07  Probe  
  12  4:16  Shield Battery  
  12  4:25  Zealot  
  12  4:48  Stargate  
  12  4:52  Zealot  
  12  4:53  Pylon  
  12  4:57  Pylon  
  12  4:58  Probe  
  12  5:03  Assimilator, Probe  
  12  5:04  Stargate  
  12  5:06  Probe  
  12  5:11  Probe  
  12  5:14  Probe  
  12  6:01  Probe x2  
  12  6:09  Probe x2  
  12  6:14  Zealot  
  12  6:17  Probe x2  
  12  6:41  Zealot  
  12  10:11  Sentry  
  12  10:14  Oracle  
  12  10:46  Probe  
  12  10:47  Probe  
  12  10:54  Probe  
  12  10:55  Probe  
  12  11:03  Probe x2  
  12  11:39  Pylon  
  12  11:42  Pylon  
  12  11:43  Pylon  
  12  11:57  Pylon, Sentry  
  12  11:58  Pylon  
  12  12:18  Robotics Facility  
  12  12:25  Twilight Council  
  12  14:27  Warp Prism  
  12  14:47  Robotics Bay  
  12  14:50  Pylon  
  12  14:55  Pylon  
  12  14:57  Templar Archives  
  12  15:03  Observer  
  12  15:04  Dark Shrine  
  12  15:45  Colossus  
  12  16:01  High Templar  
  12  16:09  Warp Gate  
  12  16:22  Shadow Stride  
  12  16:26  Charge  
  12  16:27  Protoss Shields Level 1  
  12  16:39  Disruptor  
  12  16:40  High Templar  
  12  16:46  Gateway  
  12  16:47  Gateway  
  12  17:15  Immortal  
  12  17:19  Dark Templar  
  12  17:34  Robotics Facility  
  12  17:44  Pylon  
  12  17:46  Pylon  
  12  17:53  Stargate  
  12  17:54  Disruptor, Stargate  
  12  17:56  Robotics Facility  
  12  18:03  Protoss Air Weapons Level 1  
  12  18:17  Dark Templar  
  12  18:35  Fleet Beacon  
  12  18:41  Oracle, Phoenix  
  12  18:47  Void Ray  
  12  18:49  Fleet Beacon  
  12  18:50  Dark Templar  
  12  18:51  High Templar  
  12  19:08  Psionic Storm  
  12  19:30  Dark Templar x2  
  12  19:31  Dark Templar  
  12  20:14  High Templar  
  12  20:15  High Templar  
  12  20:16  High Templar  
  12  20:33  Pylon  
  12  20:34  Pylon  
  12  20:38  Archon  
  12  20:40  Gateway  
  12  20:41  Gateway  
  12  20:42  Archon  
  12  20:55  Dark Templar  
  12  20:57  Dark Templar  
  12  21:00  Dark Templar  
Tags
 
League
Gold
Matchup
PvT
Spawn Locations
Cross Positions
Add a new tag
Caveats
  • Supply blocks, unpowered buildings, or Contaminate may cause inaccurate times.
  • Supply counts are checked every 10 seconds.